[Event "Early-Titled-Tuesday-Blitz-January-16-2024"]
[Site "Chess.com"]
[Date "2024.01.16"]
[Round "4"]
[White "ATM622"]
[Black "Trojan-Knight"]
[Result "0-1"]
[WhiteElo "2497"]
[BlackElo "2685"]
[TimeControl "180+1"]
[EndTime "8:41:28 PST"]
[Termination "Trojan-Knight won on time"]

1. d4 Nf6 2. c4 g6 3. g3 d5 4. Bg2 Bg7 5. Nf3 dxc4 6. O-O O-O 7. Ne5 Nfd7 8. Nxc4 Nb6 9. Nxb6 axb6 10. e3 e5 11. d5 c6 12. Nc3 cxd5 13. Nxd5 Nc6 14. e4 Nd4 15. Be3 Be6 16. h4 Rc8 17. Qd3 f5 18. Bg5 Qd6 19. Ne7+ Kh8 20. Nxc8 Rxc8 21. Rac1 Rf8 22. exf5 Bxf5 23. Be4 Bh3 24. Rfd1 Qe6 25. Bg2 Bxg2 26. Kxg2 Qd5+ 27. Kh2 e4 28. Qe3 Rf3 29.
Rxd4 Bxd4 30. Rc8+ Kg7 31. Bh6+ Kf7 32. Rf8+ Ke6 33.
Re8+ Kd7 0-1

[Event "Early-Titled-Tuesday-Blitz-January-16-2024"]
[Site "Chess.com"]
[Date "2024.01.16"]
[Round "4"]
[White "lilylg"]
[Black "kai_nov"]
[Result "0-1"]
[WhiteElo "2086"]
[BlackElo "2333"]
[TimeControl "180+1"]
[EndTime "8:41:28 PST"]
[Termination "kai_nov won on time"]

1. d4 d5 2. c4 e6 3. Nf3 Be7 4. g3 Nf6 5. Bg2 O-O 6. O-O dxc4 7. Qc2 a6 8. Qxc4 b5 9. Qc2 Bb7 10. a3 Nbd7 11. Nc3 Rc8 12. Bf4 c5 13. Rfd1 Qb6 14.
Bg5 Bxf3 15. Bxf3 cxd4 16. Rab1 dxc3 17. Rxd7 Nxd7 18. Bxe7 Rfe8 19. Bg5 Ne5 20. Bg2 cxb2 21. Qxb2 f6 22. Be3 Qa5 23. Bd2 Qc7 24. Rc1 Nc4 25. Qa2 Qe5 26. Bf4 Qd4 27. e3 Qd2 28. Qa1 e5 29. Rd1 Qc2 30. Bd5+ Kh8 31. Rc1 Qe2 32. Re1 Qd3 33. Rd1 Qg6 34. Bxc4 Rxc4 35. Bxe5 fxe5 36.
Qb2 h6 0-1

[Event "Early-Titled-Tuesday-Blitz-January-16-2024"]
[Site "Chess.com"]
[Date "2024.01.16"]
[Round "4"]
[White "forevery0ung"]
[Black "tptagain"]
[Result "1-0"]
[WhiteElo "2841"]
[BlackElo "2949"]
[TimeControl "180+1"]
[EndTime "8:41:29 PST"]
[Termination "forevery0ung won by resignation"]

1. e4 c5 2. Nc3 Nc6 3. Nf3 d6 4. d4 cxd4 5. Nxd4 e5 6. Nb3 Be6 7. Be3 Be7 8. Qd2 Nf6 9. f3 O-O 10. Nd5 a5 11. Bb6 Qd7 12. Bb5 a4 13. Na5 Bd8 14.
Bxd8 Raxd8 15. Bxa4 Kh8 16. O-O Qc8 17. Nxc6 bxc6 18.
Nxf6 gxf6 19. Qh6 Rg8 20. Qxf6+ Rg7 21. Bb3 Re8 22. Rf2 Kg8 23. Qh6 d5 24. Qe3 d4 25.
Qd2 c5 26. Bxe6 Rxe6 27. f4 exf4 28. Qxf4 Qb7 29. b3 Rxe4 30. Qf5 Rg6 31. Raf1 Reg4 32. g3 Rg7 33. Qxc5 Rh4 34. Qe5 h6 35. Rxf7 Rxf7 36.
Qe8+ Kg7 37. Rxf7+ Qxf7 38. Qxf7+ Kxf7 39. gxh4 1-0

[Event "Early-Titled-Tuesday-Blitz-January-16-2024"]
[Site "Chess.com"]
[Date "2024.01.16"]
[Round "4"]
[White "CrushingKings"]
[Black "BelyakovBogdan"]
[Result "0-1"]
[WhiteElo "2656"]
[BlackElo "2483"]
[TimeControl "180+1"]
[EndTime "8:41:29 PST"]
[Termination "BelyakovBogdan won on time"]

1. Nf3 Nf6 2. g3 g6 3. Bg2 Bg7 4. O-O O-O 5. d4 d6 6. b3 a5 7. Bb2 a4 8. c4 Bf5 9. Nh4 Bc8 10. Nd2 a3 11. Bc3 c5 12. d5 Na6 13. e4 Nb4 14. h3 Bd7 15. f4 b5 16. e5 Ne8 17. Ndf3 bxc4 18. bxc4 Ba4 19. Qd2 Rb8 20. Rac1 Nc7 21. f5 dxe5 22. Nxe5 Qd6 23. Rfe1 Ne8 24. g4 Nf6 25.
Nef3 Nd7 26. Bxg7 Kxg7 27. Qc3+ Qf6 28. Qxa3 Nb6 29. g5 Qd6 30. Qc3+ Kg8 31. f6 exf6 32. gxf6 Nxa2 33. Qa1 Nxc1 34. Rxc1 Rfe8 35. Ng5 Qf4 36. Nhf3 Re2 37. Rf1 Qg3 0-1

[Event "Early-Titled-Tuesday-Blitz-January-16-2024"]
[Site "Chess.com"]
[Date "2024.01.16"]
[Round "4"]
[White "LoScecco"]
[Black "jup1978"]
[Result "0-1"]
[WhiteElo "2199"]
[BlackElo "2467"]
[TimeControl "180+1"]
[EndTime "8:41:29 PST"]
[Termination "jup1978 won on time"]

1. c4 e5 2. g3 Nf6 3. Bg2 c6 4.
d4 Bb4+ 5. Bd2 Bxd2+ 6. Qxd2 d6 7.
Nc3 O-O 8. Nf3 e4 9. Ng5 d5 10.
cxd5 cxd5 11. Nh3 Bf5 12. f3 exf3 13. exf3 Re8+ 14. Kf2 Nc6 15. Rhe1 Qb6 16. Rad1 h6 17. Nf4 Rxe1 18. Kxe1 Re8+ 19. Kf1 Be6 20. Kg1 g5 21. Nfe2 Bf5 22. g4 Bg6 23. h4 gxh4 24. Qxh6 Qxb2 25. Rd2 Qb4 26. Qxh4 Kg7 27. g5 Nh5 28. Qf2 Qe7 29.
f4 Be4 30. Bxe4 dxe4 31. d5 e3 32. Qh4 exd2 33. Qxh5 Qxe2 34. Qh6+ Kg8 35. g6 d1=Q+ 36. Nxd1 Qxd1+ 37. Kh2 Re2+ 38. Kg3 Qg1+ 39. Kf3 Qf1+ 40. Kg4 Rg2+ 41. Kf5 Qd3+ 42. Kf6 Rxg6+ 0-1

[Event "Early-Titled-Tuesday-Blitz-January-16-2024"]
[Site "Chess.com"]
[Date "2024.01.16"]
[Round "4"]
[White "PolandHussars"]
[Black "Gabrielian_Artur"]
[Result "0-1"]
[WhiteElo "2582"]
[BlackElo "2802"]
[TimeControl "180+1"]
[EndTime "8:41:30 PST"]
[Termination "Gabrielian_Artur won by resignation"]

1. e4 c5 2. Ne2 Nf6 3. Nbc3 d6 4. g3 Nc6 5. Bg2 g6 6. d3 Bg7 7.
O-O Rb8 8. h3 h5 9. Be3 h4 10. g4 b5 11. d4 b4 12. Nd5 Nxd5 13.
exd5 Nxd4 14. Nxd4 cxd4 15. Bxd4 O-O 16. Bxg7 Kxg7 17. Qd4+ Kg8 18. Qxa7 Rb6 19. Rfe1 Re8 20. Re3 Bb7 21. Rae1 Kf8 22. Qa4 Qc7 23. Qb3 Qc5 24. Qd3 Ra6 25. Qe2 Qc7 26. Qd2 Qc5 27. Qe2 Qc7 28. a3 bxa3 29. bxa3 Ra5 30. c4 Rc5 31. Bf1 Ba6 32. Re4 Rxd5 33. Qb2 Re5 34. f4 Qa7+ 35. Kh2 Rb8 36. Qc3 Qf2+ 37. Bg2 Rb2 38. R4e2 Qg3+ 39. Kg1 Qxc3 0-1

[Event "Early-Titled-Tuesday-Blitz-January-16-2024"]
[Site "Chess.com"]
[Date "2024.01.16"]
[Round "4"]
[White "Ezov"]
[Black "Happy1712Drummer"]
[Result "0-1"]
[WhiteElo "2244"]
[BlackElo "2481"]
[TimeControl "180+1"]
[EndTime "8:41:30 PST"]
[Termination "Happy1712Drummer won on time"]

1. d4 e6 2. Nc3 d5 3. Bf4 a6 4. Qd2 c5 5. e3 cxd4 6. exd4 Nc6 7. O-O-O Nf6 8. f3 Bb4 9. a3 Be7 10. g4 b5 11. Nb1 b4 12. a4 Bd7 13. h4 b3 14.
cxb3 Na5 15. Qe3 Qb6 16. Rd3 Rc8+ 17. Kd1 O-O 18. h5 Nxb3 19. Rxb3 Bxa4 20. Nd2 Bb4 21.
g5 Bxd2 22. Kxd2 Bxb3 23. gxf6 Qb4+ 24. Qc3 Rxc3 25. bxc3 Qa3 26. Ne2 Qb2+ 27. Ke3 Rc8 28. Rg1 g6 29. hxg6 fxg6 30. Be5 Bd1 31. Bh3 Qxe2+ 32.
Kf4 Qxf3+ 33. Kg5 Qxh3 34. f7+ Kxf7 35. Rf1+ Qxf1 0-1

[Event "Early-Titled-Tuesday-Blitz-January-16-2024"]
[Site "Chess.com"]
[Date "2024.01.16"]
[Round "4"]
[White "bascheyaro"]
[Black "vladgoncharov"]
[Result "1-0"]
[WhiteElo "2808"]
[BlackElo "2590"]
[TimeControl "180+1"]
[EndTime "8:41:31 PST"]
[Termination "bascheyaro won on time"]

1. d4 Nf6 2. Bf4 e6 3. e3 b6 4. Nf3 Bb7 5. c4 c5 6. Nc3 cxd4 7. exd4 Bb4 8. Be2 O-O 9. O-O d5 10. Ne5 dxc4 11. Bf3 Qc8 12. Nxc4 Bxf3 13. Qxf3 Nc6 14. d5 Nd4 15. Qd3 Bxc3 16. bxc3 exd5 17. Nxb6 axb6 18. Qxd4 Qc6 19. Be5 Ra4 20. Qd3 Ne4 21. Bd4 Rfa8 22. Rab1 R8a6 23. f3 Nd6 24. Rf2 Nc4 25. Qf5 Rxa2 26.
Qg4 f6 27. Rxa2 Rxa2 28. Re1 Ra8 29. Re6 Qd7 30. Bxf6 Kh8 31. Bd4 Rg8 32. h4 b5 33.
h5 1-0

[Event "Early-Titled-Tuesday-Blitz-January-16-2024"]
[Site "Chess.com"]
[Date "2024.01.16"]
[Round "4"]
[White "IM_ArthurDW08"]
[Black "Mikayel99"]
[Result "1-0"]
[WhiteElo "2793"]
[BlackElo "2578"]
[TimeControl "180+1"]
[EndTime "8:41:31 PST"]
[Termination "IM_ArthurDW08 won by checkmate"]

1. e4 c5 2. Nf3 d6 3. d4 cxd4 4. Nxd4 Nf6 5. Nc3 a6 6. Nb3 Nc6 7. Be3 g6 8. f3 Bg7 9. Qd2 O-O 10. O-O-O b5 11. Kb1 Be6 12. g4 Nd7 13. h4 Nde5 14. Be2 Nc4 15. Bxc4 bxc4 16. Nd4 Nxd4 17. Bxd4 Rb8 18.
Bxg7 Kxg7 19. h5 Rh8 20. h6+ Kf8 21. Ka1 f6 22. g5 Kf7 23. f4 Qb6 24. Rb1 f5 25.
Rhe1 Rhe8 26. exf5 Bxf5 27. Qd5+ e6 28. Qxc4 Rec8 29.
Qa4 Rc7 30. Ne4 Bxe4 31. Qxe4 Re7 32. Qd3 Qb4 33. Re4 Qc5 34. Rd4 e5 35. fxe5 dxe5 36. Rd5 Qb6 37. Rd6 Qb5 38. Qf3+ Kg8 39. Qf6 Rf7 40. Rd8+ Rxd8 41. Qxd8+ Rf8 42. Qc7 e4 43.
Qg7# 1-0

[Event "Early-Titled-Tuesday-Blitz-January-16-2024"]
[Site "Chess.com"]
[Date "2024.01.16"]
[Round "4"]
[White "Actuary44"]
[Black "NastyaHn"]
[Result "1/2-1/2"]
[WhiteElo "2496"]
[BlackElo "2307"]
[TimeControl "180+1"]
[EndTime "8:41:32 PST"]
[Termination "Game drawn by repetition"]

1. e4 e6 2. d4 d5 3. Nc3 Bb4 4. e5 c5 5. dxc5 Bxc3+ 6. bxc3 Ne7 7. f4 Qc7 8. Be3 Nd7 9. Nf3 Nxc5 10. Nd4 a6 11. Bd3 Nxd3+ 12. Qxd3 Bd7 13. O-O Rc8 14.
Rab1 O-O 15. g4 b5 16. Rb3 Nc6 17. Ne2 Na5 18. Rbb1 Qc4 19. Qd2 Nc6 20. a3 f6 21.
exf6 Rxf6 22. Nd4 e5 23. Nxc6 Rfxc6 24. Rb4 Qxc3 25. Qxd5+ Be6 26. Qxe5 Qxe5 27. fxe5 Rxc2 28. a4 Bd5 29. Rf2 R2c4 30. Rxc4 Rxc4 31. Rf4 Rxf4 32. Bxf4 bxa4 33. Bc1 Kf7 34. Kf2 Ke6 35. Bb2 g6 36.
Ke3 h5 37. gxh5 gxh5 38. Kf4 Bb3 39. h4 Bd1 40. Ba3 Bc2 41. Bb2 Bd1 42. Ba3 Bc2 43. Bb2 Bd1 1/2-1/2

[Event "Early-Titled-Tuesday-Blitz-January-16-2024"]
[Site "Chess.com"]
[Date "2024.01.16"]
[Round "4"]
[White "lucliasco"]
[Black "rhungaski"]
[Result "1-0"]
[WhiteElo "2915"]
[BlackElo "2530"]
[TimeControl "180+1"]
[EndTime "8:41:33 PST"]
[Termination "lucliasco won on time"]

1. e4 g6 2. g3 Bg7 3. Bg2 c5 4. Nc3 Nc6 5. d3 d6 6. f4 Rb8 7. Nf3 b5 8. a4 b4 9. Nd5 e6 10. Ne3 Ba6 11. O-O Nge7 12. Rb1 O-O 13. h4 f5 14. Re1 Qd7 15. b3 Rbe8 16. Bb2 Nd4 17. Nc4 Nec6 18. Nxd4 Bxd4+ 19. Bxd4 Nxd4 20. e5 Bxc4 21. dxc4 Qg7 22. exd6 e5 23. fxe5 Rxe5 24. Rxe5 Qxe5 25. Qe1 Ne2+ 26. Kh2 f4 27. gxf4 Rxf4 28.
Kh1 Rd4 29. Bd5+ Kg7 30. d7 Ng3+ 31. Kg2 Qf4 32. d8=Q Rd2+ 33. Qxd2 Qxd2+ 34. Kxg3 Qe3+ 35. Bf3 Qe5+ 36. Kg2 1-0

[Event "Early-Titled-Tuesday-Blitz-January-16-2024"]
[Site "Chess.com"]
[Date "2024.01.16"]
[Round "4"]
[White "finec2"]
[Black "abelmat"]
[Result "1-0"]
[WhiteElo "2325"]
[BlackElo "2070"]
[TimeControl "180+1"]
[EndTime "8:41:33 PST"]
[Termination "finec2 won on time"]

1. e4 e6 2. d4 d5 3. e5 c5 4. c3 Bd7 5. Nf3 Qb6 6. Bd3 cxd4 7. cxd4 Bb5 8. O-O Bxd3 9. Qxd3 Nc6 10. Nc3 Nge7 11.
Rd1 Rc8 12. Rb1 Na5 13. b3 Ng6 14. g3 Bb4 15. Bb2 O-O 16. Rbc1 Qa6 17. Qe3 Rc7 18. h4 Rfc8 19. Ne2 Rxc1 20. Rxc1 Rxc1+ 21. Nxc1 Qc6 22. Qd3 h6 23. h5 Nf8 24. g4 Be7 25. Ne2 Nh7 26.
Bc1 a6 27. Bd2 Qc7 28. Ne1 Nc6 29. f4 Nb4 30. Qb1 Bh4 31. Nf3 Be7 32. Nc1 Qc2 33. Qxc2 Nxc2 34. Kf2 Ba3 35. Nd3 b5 36. Ke2 a5 37. Kd1 Na1 38. Bxa5 b4 39. Bxb4 Bxb4 40. Nxb4 Nf8 41. Kc1 Nd7 42. Kb2 Nxb3 43. Kxb3 Nb6 44. a4 1-0

[Event "Early-Titled-Tuesday-Blitz-January-16-2024"]
[Site "Chess.com"]
[Date "2024.01.16"]
[Round "4"]
[White "brm72"]
[Black "lilleper1"]
[Result "0-1"]
[WhiteElo "2704"]
[BlackElo "2948"]
[TimeControl "180+1"]
[EndTime "8:41:35 PST"]
[Termination "lilleper1 won by resignation"]

1. e4 c5 2. Nf3 d6 3. d4 cxd4 4. Nxd4 Nf6 5. Nc3 a6 6. f3 e5 7.
Nb3 Be7 8. Be3 h5 9. Qd2 Be6 10. O-O-O Nbd7 11. Kb1 Qc7 12. Bd3 b5 13. h3 h4 14. f4 Rc8 15. Rhe1 Nb6 16. Bxb6 Qxb6 17. Nd5 Qa7 18. Nxe7 Qxe7 19. f5 Bxb3 20. axb3 O-O 21.
g3 hxg3 22. Rg1 Nh5 23. Be2 Nf4 24. Rxg3 Rc6 25. Rdg1 Qf6 26. Bd1 Rfc8 27. h4 Kh8 28. h5 Rg8 29. Qh2 Qh6 30. Rh1 a5 31. Be2 Rgc8 32.
Bxb5 Rxc2 33. Qxc2 Rxc2 34. Kxc2 d5 35. exd5 Nxd5 36.
Bc4 Ne3+ 37. Kb1 Qc6 38. Rc1 Nxf5 39. Rd3 Qe4 40. Ka2 Nd4 41. Rd2 Qe3 42. Rcd1 f5 43.
Bf7 f4 44. Rd3 Qe2 45. R1d2 Qe1 46. Bg6 Kg8 47. Rc3 Kf8 48. Rg2 Ke7 49. Rg5 Kf6 50.
Rg2 f3 51. Rg4 f2 0-1

[Event "Early-Titled-Tuesday-Blitz-January-16-2024"]
[Site "Chess.com"]
[Date "2024.01.16"]
[Round "4"]
[White "Road2GM3000"]
[Black "quvnoq_muxlis"]
[Result "1-0"]
[WhiteElo "2487"]
[BlackElo "2662"]
[TimeControl "180+1"]
[EndTime "8:41:35 PST"]
[Termination "Road2GM3000 won by resignation"]

1. d4 d6 2. c4 g6 3. Nc3 Bg7 4. e4 e5 5. d5 Ne7 6. Bd3 a5 7. f4 Nd7 8. Nf3 exf4 9. Bxf4 O-O 10. Qd2 f5 11. Bh6 Nc5 12. Bxg7 Kxg7 13. O-O c6 14. Nd4 fxe4 15. Rxf8 Qxf8 16. Rf1 Qd8 17. Nxe4 cxd5 18. Ng5 Qb6 19. Rf7+ Kg8 20. Rxe7 Nb3 21. axb3 Qxd4+ 22. Qf2 Qxf2+ 23. Kxf2 h6 24. Nf3 Kf8 25. Rc7 dxc4 26. bxc4 g5 27. Be4 a4 28. Nd4 Ke8 29. Bxb7 Bxb7 30.
Rxb7 a3 31. bxa3 Rxa3 32. Nf5 Ra6 33. Nxh6 d5 34. Ng4 dxc4 35. Rc7 Ra2+ 36. Kf3 Ra3+ 37. Ne3 Ra4 38. Rxc4 Ra5 39. Rc7 Kf8 40. Kg4 Re5 41.
Nf5 Re2 42. g3 Rxh2 43. Kxg5 Ke8 44. g4 Rg2 45. Ra7 Kd8 46. Kh5 Rh2+ 47. Kg6 Rg2 48.
g5 Ke8 49. Kf6 Kd8 50. g6 Ke8 51. g7 1-0

[Event "Early-Titled-Tuesday-Blitz-January-16-2024"]
[Site "Chess.com"]
[Date "2024.01.16"]
[Round "4"]
[White "gabduschew"]
[Black "Timerkhanov"]
[Result "0-1"]
[WhiteElo "2448"]
[BlackElo "2666"]
[TimeControl "180+1"]
[EndTime "8:41:35 PST"]
[Termination "Timerkhanov won on time"]

1. b3 e5 2. Bb2 Nc6 3. c4 Nf6 4.
a3 a5 5. e3 g6 6. Qc2 Bg7 7. d3 O-O 8. Nf3 Re8 9. Nbd2 d6 10.
Be2 h6 11. O-O g5 12. Bc3 Bf5 13. Qb2 Nd7 14. b4 g4 15. Ne1 axb4 16. axb4 Rxa1 17. Qxa1 h5 18. Nc2 Bg6 19. b5 Ne7 20. Nb4 Nc5 21.
Qa7 Qd7 22. Rb1 h4 23. Nb3 Nxb3 24. Rxb3 Qc8 25. Nd5 Nxd5 26. cxd5 g3 27. hxg3 hxg3 28.
fxg3 b6 29. Be1 e4 30. d4 Re7 31. Rc3 Bh6 32. Bf2 Qd8 33. g4 Bg5 34. Bg3 Kg7 35. Kf2 Rd7 36. Ra3 Qf6+ 37. Kg1 Qe7 38. Ra1 Rd8 39.
Rc1 Rd7 40. Kf2 Qf6+ 41. Ke1 Bxe3 42. Rd1 Bxd4 43. Qa4 Bc3+ 0-1

[Event "Early-Titled-Tuesday-Blitz-January-16-2024"]
[Site "Chess.com"]
[Date "2024.01.16"]
[Round "4"]
[White "EsmeraldasAnderson03"]
[Black "Buzhizhebuguai"]
[Result "0-1"]
[WhiteElo "2408"]
[BlackElo "2662"]
[TimeControl "180+1"]
[EndTime "8:41:36 PST"]
[Termination "Buzhizhebuguai won by resignation"]

1. d4 Nf6 2. c4 e6 3. Nc3 Bb4 4. f3 d5 5. a3 Bxc3+ 6. bxc3 c5 7. cxd5 exd5 8. e3 O-O 9. Bd3 b6 10. Ne2 Ba6 11. Bb1 Nc6 12. O-O Re8 13. Re1 Na5 14. Ng3 Qd7 15. Ra2 Rad8 16. Rf2 Nc4 17. Bf5 Qb5 18. e4 cxd4 19. cxd4 dxe4 20. fxe4 Ne5 21. Rd2 Nd3 22. a4 Qc4 23. Re3 Nxc1 24. e5 Nd5 25.
Bxh7+ Kxh7 26. Qh5+ Kg8 27. Rf3 g6 28. Qh6 Nc3 29.
Nf5 N3e2+ 30. Kh1 gxf5 31. Rxf5 Re6 32. Qg5+ Rg6 33. Qxd8+ Kg7 34. d5 Qe4 35. Rxf7+ Kxf7 36. e6+ Kg7 37. Qe7+ Kh6 38. Qf8+ Kh7 39. Qf7+ Kh6 40. Qf8+ Kh5 41. Qh8+ Kg5 42. e7 Qxe7 43. d6 Ng3+ 44. hxg3 Qe1+ 45. Kh2 Rh6+ 46. Qxh6+ Kxh6 47. Rd5 Qe6 48. Rd4 Qd7 49. Re4 Qxd6 50. Rh4+ Kg6 0-1

[Event "Early-Titled-Tuesday-Blitz-January-16-2024"]
[Site "Chess.com"]
[Date "2024.01.16"]
[Round "4"]
[White "Dewarfd"]
[Black "inagreV"]
[Result "0-1"]
[WhiteElo "2142"]
[BlackElo "2380"]
[TimeControl "180+1"]
[EndTime "8:41:36 PST"]
[Termination "inagreV won on time"]

1. c4 c5 2. Nc3 g6 3. g3 Bg7 4. Bg2 Nc6 5. e3 d6 6. Nge2 h5 7. h4 Bd7 8. d4 b6 9. O-O Nh6 10. b3 Qc8 11. Bb2 Bh3 12. dxc5 bxc5 13. Bxh3 Qxh3 14. Nf4 Qd7 15. Qd5 e6 16. Qd2 Ne5 17.
Qe2 Qc6 18. e4 O-O 19. Nb5 Rfd8 20. Rad1 a6 21. Na3 Nhg4 22. Nd3 Nxd3 23. Bxg7 Nde5 24.
Bxe5 dxe5 25. f3 Nf6 26. Rxd8+ Rxd8 27. Rd1 Rd4 28. Nc2 Qd7 29. Nxd4 exd4 30. e5 Ne8 31. Qe4 a5 32. f4 Ng7 33. a3 Nf5 34. Kh2 Qc7 35.
b4 axb4 36. axb4 cxb4 37. Rc1 Qc5 38. Qa8+ Kg7 0-1

[Event "Early-Titled-Tuesday-Blitz-January-16-2024"]
[Site "Chess.com"]
[Date "2024.01.16"]
[Round "4"]
[White "sansanathalia"]
[Black "NelsonLinda"]
[Result "0-1"]
[WhiteElo "2394"]
[BlackElo "2614"]
[TimeControl "180+1"]
[EndTime "8:41:37 PST"]
[Termination "NelsonLinda won on time"]

1. e4 g6 2. d4 Nf6 3. Nc3 d5 4.
e5 Ne4 5. Nxe4 dxe4 6. c4 Bg7 7. Be3 O-O 8. Qc2 c5 9. Ne2 Nc6 10. Qd2 cxd4 11. Nxd4 Nxe5 12. Be2 Nd3+ 13. Bxd3 exd3 14. Nb3 e5 15. O-O f5 16. Bc5 Re8 17. Rad1 e4 18.
Rfe1 Be6 19. Bb4 Bxc4 20. Na5 Bd5 21. Nb3 Rc8 22. Rc1 Qd7 23. Nc5 Qf7 24. b3 Rc6 25. Na4 Rec8 26. Rxc6 Rxc6 27. Rc1 Qc7 28. Rxc6 Qxc6 29.
h3 Qc2 30. Qf4 Qc8 31. Qd6 Bf7 32. g3 b6 33. Qe7 Bf8 34. Qxf8+ Qxf8 35. Bxf8 Kxf8 36.
Kf1 Ke7 37. Ke1 Kd6 38. Kd2 Ke5 39. Nb2 Kd4 40. Nd1 g5 41. Nc3 a6 42. Na4 b5 43.
Nc3 f4 44. gxf4 gxf4 45. Nd1 Bh5 46. Nb2 e3+ 47. fxe3+ fxe3+ 48. Kc1 Kc3 49. Kb1 e2 0-1

[Event "Early-Titled-Tuesday-Blitz-January-16-2024"]
[Site "Chess.com"]
[Date "2024.01.16"]
[Round "4"]
[White "aistrel"]
[Black "alekroth65"]
[Result "1-0"]
[WhiteElo "2556"]
[BlackElo "2359"]
[TimeControl "180+1"]
[EndTime "8:41:37 PST"]
[Termination "aistrel won on time"]

1. d4 d6 2. e4 Nf6 3. Nc3 g6 4. f4 Bg7 5. Nf3 O-O 6. e5 Nfd7 7. Be3 c5 8. exd6 cxd4 9. Bxd4 Nf6 10. dxe7 Qxe7+ 11. Qe2 Qc7 12. Be5 Qa5 13. Qb5 Nc6 14.
Qxa5 Nxa5 15. O-O-O Be6 16. Nd4 Ng4 17. Bxg7 Kxg7 18. Nxe6+ fxe6 19. Rd7+ Rf7 20. Bb5 a6 21. Ba4 b5 22. Rxf7+ Kxf7 23. Bb3 Ne3 24. g3 Rd8 25. Re1 Nxb3+ 26. axb3 Ng4 27. Re2 Nh6 28. Ne4 Nf5 29.
Ng5+ Kg8 30. Nxe6 Rd5 31. Nc7 Rd6 32. Re6 Rd7 33. Nxa6 Nd4 34. Re4 Nf3 35. c4 bxc4 36. bxc4 Nxh2 37. c5 Ng4 38. c6 Rd6 39. Rc4 Ne3 40. b3 Nxc4 41. bxc4 Rxc6 42. Nb8 Rxc4+ 43. Kd2 Rc7 44. Na6 Rc4 45. Kd3 Rc1 46. Ke4 1-0

[Event "Early-Titled-Tuesday-Blitz-January-16-2024"]
[Site "Chess.com"]
[Date "2024.01.16"]
[Round "4"]
[White "chenxiaoyuer"]
[Black "LimeInTheCoconut"]
[Result "1-0"]
[WhiteElo "2736"]
[BlackElo "2549"]
[TimeControl "180+1"]
[EndTime "8:41:39 PST"]
[Termination "chenxiaoyuer won by checkmate"]

1. e4 c6 2. d4 d5 3. Nd2 dxe4 4.
Nxe4 Nf6 5. Nxf6+ exf6 6. c3 Bd6 7. Bd3 O-O 8. Ne2 Re8 9. O-O Nd7 10. Bf4 Bf8 11. Qc2 g6 12. Rfe1 a5 13. Ng3 Nb6 14. Rxe8 Qxe8 15. c4 Qd8 16. Be3 f5 17. Rd1 Bg7 18.
Ne2 a4 19. b3 axb3 20. axb3 Nd7 21. Bf4 Nf8 22. Qc3 c5 23. Be5 cxd4 24. Bxd4 Bxd4 25. Qxd4 Qxd4 26. Nxd4 Ne6 27. Nxe6 Bxe6 28. Kf1 Ra3 29. Rb1 Kf8 30. Rb2 Ke7 31. Ke2 Kd6 32. Kd2 Kc5 33. Kc3 b6 34. Bb1 b5 35. cxb5 Kxb5 36.
Bc2 Ra7 37. Bd3+ Kb6 38. b4 Rc7+ 39. Kd2 Rd7 40. Ke2 Bd5 41. f3 Re7+ 42. Kf2 Rd7 43. Be2 Rc7 44. Rd2 Be6 45. Rd6+ Kb7 46. Ke3 Rc2 47. f4 Rb2 48. Rd4 Kb6 49. h3 h5 50.
Bf3 Kb5 51. Be2+ Kb6 52. b5 h4 53. Rd6+ Kc5 54. Rc6+ Kd5 55. Bf3# 1-0

[Event "Early-Titled-Tuesday-Blitz-January-16-2024"]
[Site "Chess.com"]
[Date "2024.01.16"]
[Round "4"]
[White "xakevicius91"]
[Black "LuminaryHunter"]
[Result "1-0"]
[WhiteElo "2526"]
[BlackElo "2268"]
[TimeControl "180+1"]
[EndTime "8:41:39 PST"]
[Termination "xakevicius91 won on time"]

1. e4 c5 2. Nf3 e6 3. b3 Nc6 4. Bb5 Qc7 5. Bb2 a6 6. Bxc6 Qxc6 7. O-O Qxe4 8. d4 cxd4 9. Nxd4 Nf6 10. Re1 Qh4 11.
Nf5 Qf4 12. Qd3 d5 13. Nd2 Bd7 14. Nf3 Bb5 15. c4 dxc4 16. bxc4 Qxc4 17. Nd6+ Bxd6 18. Qxd6 Qc6 19. Qa3 Qd7 20. Bd4 Rc8 21. Rad1 Qe7 22. Qa5 O-O 23. a4 Bc6 24. Bc5 Qc7 25. Qxc7 Rxc7 26. Bxf8 Kxf8 27. Rc1 Ke7 28. Ne5 Nd5 29. a5 Kd6 30. g3 f6 31. Nd3 Bd7 32. Rxc7 Kxc7 33.
Rc1+ Kd6 34. Nc5 Bc6 35. Ne4+ Ke5 36. Nd2 Kd4 37. Nb3+ Kd3 38. Nc5+ Kd2 39. Rb1 Nc3 40. Rb2+ Kc1 41. Nd3+ Kd1 42. f4 Ne2+ 43. Kf2 Nd4 44. Nb4 1-0

[Event "Early-Titled-Tuesday-Blitz-January-16-2024"]
[Site "Chess.com"]
[Date "2024.01.16"]
[Round "4"]
[White "KNVB"]
[Black "Alimpic"]
[Result "1-0"]
[WhiteElo "2685"]
[BlackElo "2503"]
[TimeControl "180+1"]
[EndTime "8:41:41 PST"]
[Termination "KNVB won by resignation"]

1. d4 d5 2. Bf4 Nf6 3. e3 c5 4. c3 Nc6 5. Nd2 cxd4 6. exd4 Bg4 7. Qb3 Qc8 8. Ngf3 e6 9. Bd3 Be7 10. O-O Bh5 11. Rfe1 Bg6 12. Bxg6 hxg6 13. Ne5 Nxe5 14. Bxe5 Qc6 15. a4 Bd6 16. Nf3 O-O 17. g3 Nd7 18.
Bxd6 Qxd6 19. Kg2 a6 20. h4 Rab8 21. Rh1 Nf6 22. Ne5 b5 23. axb5 axb5 24. Nd3 Nd7 25.
h5 gxh5 26. Rxh5 g6 27. Rh4 Kg7 28. Rah1 Nf6 29. Ne5 b4 30. cxb4 Qxb4 31. Qe3 Rh8 32. Rxh8 Rxh8 33. Rxh8 Kxh8 34. Nxf7+ Kg7 35. Ng5 Qxb2 36.
Nxe6+ Kg8 37. Qe5 Kf7 38. Ng5+ Kg7 39. Qe7+ Kh6 40. Qxf6 Qxf2+ 41. Kxf2 1-0

[Event "Early-Titled-Tuesday-Blitz-January-16-2024"]
[Site "Chess.com"]
[Date "2024.01.16"]
[Round "4"]
[White "Smiechu"]
[Black "NovozhilovSemen"]
[Result "1-0"]
[WhiteElo "2499"]
[BlackElo "2662"]
[TimeControl "180+1"]
[EndTime "8:41:41 PST"]
[Termination "Smiechu won by checkmate"]

1. e4 c5 2. Nf3 Nc6 3. d4 cxd4 4. Nxd4 Nf6 5. Nc3 d6 6. Be3 Ng4 7. Bb5 Nxe3 8. fxe3 Bd7 9. Bxc6 bxc6 10. O-O e6 11. e5 dxe5 12. Qh5 Qe7 13. Qxe5 f6 14. Qe4 Rc8 15. Rad1 g6 16. Qd3 Bg7 17. Qa6 O-O 18.
Qxa7 Rfd8 19. Na4 c5 20. Nb6 cxd4 21. Nxc8 Rxc8 22. Rxd4 Rd8 23. Rfd1 Bh6 24. Kf2 f5 25.
Rxd7 Qh4+ 26. Kg1 Rf8 27. Qd4 Qh5 28. Qe5 Re8 29. Rd8 Bf8 30. R1d2 Rxd8 31. Qxe6+ Kg7 32. Qe5+ Kg8 33. Rxd8 Qe2 34. h3 Qxc2 35. Qd5+ Kg7 36. Qd4+ Kh6 37. Qh4+ Kg7 38. Rd7+ Kg8 39. Qxh7# 1-0

[Event "Early-Titled-Tuesday-Blitz-January-16-2024"]
[Site "Chess.com"]
[Date "2024.01.16"]
[Round "4"]
[White "yonaltimur"]
[Black "HPanesso"]
[Result "0-1"]
[WhiteElo "2309"]
[BlackElo "2635"]
[TimeControl "180+1"]
[EndTime "8:41:41 PST"]
[Termination "HPanesso won by checkmate"]

1. e4 c5 2. Nf3 e6 3. g3 Nc6 4. Bg2 e5 5. O-O Nf6 6. Re1 Be7 7. c3 O-O 8. d4 d6 9. h3 Re8 10. Na3 h6 11. Nc2 Bf8 12. d5 Ne7 13. c4 Nh7 14. b4 cxb4 15. Nxb4 b6 16. a4 a5 17. Nc2 Ba6 18. Na3 g6 19. Rb1 f5 20. Be3 Rb8 21.
Nd2 h5 22. Rb2 fxe4 23. Nxe4 Nf5 24. Qb1 Nxe3 25. Rxe3 Re7 26. Reb3 Reb7 27. Nb5 Bxb5 28. Rxb5 Qc7 29. c5 dxc5 30. d6 Qg7 31. Nxc5 Ra7 32. Ne6 Qf6 33. Bd5 Kh8 34. Rxb6 Rxb6 35. Rxb6 Rd7 36.
Qb5 Rxd6 37. Rxd6 Bxd6 38. Qxa5 Nf8 39. Qa8 Kh7 40. Qb7+ Kh6 41. Nxf8 Qxf8 42. a5 Bc5 43. Qb2 Bd4 44. Qc1+ Kg7 45. a6 Qxf2+ 46. Kh1 Qxg3 47. a7 Qxh3# 0-1